 Dungeon Crawl Stone Soup version 0.31.0-9-g3a7656b989 (webtiles) character file.

Game seed: 10170422569979803173

65 Eitelfritz the Slasher (level 3, 0/31 HPs)
             Began as a Minotaur Gladiator on Jan 26, 2024.
             Slain by an orc wizard
             ... wielding a +0 hand axe
              (6 damage)
             ... on level 2 of the Dungeon.
             The game lasted 00:02:13 (1389 turns).

Eitelfritz the Slasher (Minotaur Gladiator)         Turns: 1389, Time: 00:02:14

Health: 0/31       AC:  5    Str: 18    XL:     3   Next: 92%
Magic:  2/2        EV: 12    Int:  7    God:
Gold:   106        SH:  0    Dex: 11    Spells: 2/2 levels left

rFire   . . .        a - +0 long sword
rCold   . . .        (no shield)
rNeg    . . .        f - +0 ring mail
rPois   .            c - +0 hat
rElec   .            (no cloak)
rCorr   .            (no gloves)
SInv    .            (no boots)
Will    .....        l - amulet of the acrobat
Stlth   +            (no ring)
HPRegen 0.25/turn    (no ring)
MPRegen 0.08/turn

%: acrobat
@: no status effects
A: horns 2, retaliatory headbutt
a: no special abilities


You were on level 2 of the Dungeon.
You visited 1 branch of the dungeon, and saw 2 of its levels.

You collected 106 gold pieces.

Inventory:

Hand Weapons
 a - a +0 long sword (weapon)
Missiles
 b - 3 datura-tipped darts
 d - 3 throwing nets (quivered)
 e - a javelin
 j - 11 poisoned darts
Armour
 c - a +0 hat (worn)
 f - a +0 ring mail (worn)
 g - a +0 buckler
Jewellery
 l - an amulet of the acrobat (around neck)
 p - a ring of ice
Wands
 n - a wand of polymorph (5)
Scrolls
 h - a scroll of identify {unknown}
 i - a scroll of immolation {unknown}
 k - 2 scrolls of teleportation {unknown}
 o - a scroll of acquirement {unknown}
Potions
 m - a potion of lignification {unknown}


   Skills:
 + Level 3.0 Fighting
 + Level 4.5 Long Blades
 + Level 2.3 Throwing
 + Level 0.9 Armour
 + Level 4.0 Dodging


You had 2 spell levels left.
You didn't know any spells.
Your spell library was empty.

Dungeon Overview and Level Annotations

Branches:
Dungeon (2/15)

Altars:

Shops:
D:2 =


Innate Abilities, Weirdness & Mutations

You have a pair of horns on your head.
You reflexively headbutt those who attack you in melee.


Message History

You kill the adder!
The ball python bites you. The ball python grabs you.
The ball python constricts you.
You barely miss the ball python. The ball python barely misses you.
You furiously retaliate!
You headbutt the ball python!
You kill the ball python!
You see here a ball python corpse.
A ribbon worm is nearby!
An orc wizard comes into view. It is wielding a +0 hand axe.
The orc wizard shouts!
The orc wizard casts a spell.
The orc wizard flickers and vanishes!
Deactivating autopickup; reactivate with Ctrl-A.
The ribbon worm closely misses you. You furiously retaliate!
You headbutt the ribbon worm! You hit the ribbon worm.
You headbutt the ribbon worm.
You kill the ribbon worm!
Your Fighting skill increases to level 3!
Found 5 poisoned darts and a dagger.
You miss something.
You hear some strange, mumbled words.
A magic dart appears from out of thin air!
The magic dart hits you!
You closely miss something. Something hits you.
You completely miss something.
You hear some strange, mumbled words.
A magic dart appears from out of thin air!
The magic dart hits you! Something hits you.
* * * LOW HITPOINT WARNING * * *
You hit something but do no damage. Something hits you.
* * * LOW HITPOINT WARNING * * *
You hit something. Something hits you.
* * * LOW HITPOINT WARNING * * *
You barely miss something. Something hits you.
* * * LOW HITPOINT WARNING * * *
You closely miss something. Your headbutt misses something.
Something hits you but does no damage.
You miss something. Your headbutt misses something.
Something hits you but does no damage. Something hits you.
You die...

####.....# .....#####
###..# ##...# #....#
#.#.## #### ..#.#
#..########## ###>#
##....†......#
....#####....###@###.#
##......#.#..#)({)$#
....####..##.##...##
##...#.).###.#.....
.......### #.#######
.##....# #..
.##.##.#####.#
##..##....##..
...######.##.#


There were no monsters in sight!

Vanquished Creatures
  2 adders (D:2)
  A ribbon worm (D:2)
  A dart slug (D:1)
  2 ball pythons (D:2)
  3 endoplasms (D:1)
  7 goblins
  3 hobgoblins
  5 jackals (D:1)
  5 bats
  4 kobolds
  5 rats
38 creatures vanquished.

Notes
Turn   | Place    | Note
-------+----------+-------------------------------------------
     0 | D:1      | Eitelfritz the Minotaur Gladiator began the quest for the
                  | Orb.
     0 | D:1      | Reached XP level 1. HP: 18/18 MP: 0/0
   194 | D:1      | Reached XP level 2. HP: 22/25 MP: 1/1
   787 | D:1      | Reached XP level 3. HP: 30/30 MP: 2/2
  1160 | D:2      | Found Otiox's Jewellery Shop.
  1389 | D:2      | Slain by an orc wizard

Illustrated notes

Levels and vault maps discovered:
D:1:      eino_arrival_water_star, layout_basic, minmay_tetromino_o2
D:2:      layout_rooms, serial_shops, shop, minmay_split_cup_large

Skill      XL: |  1  2  3 |
---------------+----------+-----
Long Blades    | 4 |  4.5
Dodging        | 4 |  4.0
Fighting       | 3 |  3.0
Throwing       | |  2.3
Armour         | |  0.9

Action                     || total
---------------------------++-------
  Melee: Long sword        ||    85
         Headbutt          ||    12
         Punch             ||     1
 Armour: Ring mail         ||    66
         Leather armour    ||     1
  Dodge: Dodged            ||    78
